 Dungeon Crawl Stone Soup version 0.31-a0-145-g046c7d2549 (webtiles) character file.

Game seed: 6912764596416300843

4842 Irreverend the Thaumaturge (level 10, -1/70 HPs)
             Began as a Purple Draconian Fire Elementalist on June 7, 2023.
             Was a Believer of Vehumet.
             Slain by a killer bee (3 damage)
             ... on level 9 of the Dungeon.
             The game lasted 00:19:20 (11370 turns).

Irreverend the Thaumaturge (DrFE)                  Turns: 11370, Time: 00:19:20

Health: -1/70      AC:  9    Str: 11    XL:     10   Next: 25%
Magic:  13/23      EV: 15    Int: 19    God:    Vehumet [**....]
Gold:   417        SH:  0    Dex: 12    Spells: 21/27 levels left

rFire   + . .        u - staff of fire
rCold   . . .        (no shield)
rNeg    . . .        (body armour unavailable)
rPois   .            (helmet restricted)
rElec   .            d - +0 cloak
rCorr   .            (no gloves)
SInv    +            m - +0 pair of boots
Will    +....        (no amulet)
Stlth   ++           w - ring of see invisible
HPRegen 0.31/turn    (no ring)
MPRegen 0.18/turn

%: no passive effects
@: lethally poisoned (-1 -> -26)
A: breathe power, AC +7, unfitting armour, cold-blooded
a: Breathe Dispelling Energy, Renounce Religion


You were on level 9 of the Dungeon.
You worshipped Vehumet.
Vehumet was pleased with you.
You visited 2 branches of the dungeon, and saw 10 of its levels.

You collected 417 gold pieces.

Inventory:

Hand Weapons
 i - a +0 dagger
Missiles
 s - a throwing net
Armour
 d - a +0 cloak (worn)
 m - a +0 pair of boots (worn)
Magical Staves
 u - a staff of fire (weapon)
Jewellery
 w - a ring of see invisible (left hand)
Wands
 x - a wand of polymorph (6)
 y - a wand of roots (12)
Scrolls
 c - 9 scrolls of identify {unknown}
 h - a scroll of poison {unknown}
 l - 3 scrolls of magic mapping {unknown}
 n - a scroll of noise {unknown}
 o - 3 scrolls of teleportation {unknown}
 p - 2 scrolls of fog {unknown}
 q - 4 scrolls of vulnerability {unknown}
 t - a scroll of blinking {unknown}
 z - a scroll of torment {unknown}
Potions
 a - 4 potions of brilliance {unknown}
 b - 3 potions of heal wounds {unknown}
 e - 2 potions of curing {unknown}
 f - 2 potions of lignification {unknown}
 g - 3 potions of degeneration {unknown}
 j - a potion of ambrosia {unknown}
 k - a potion of mutation {unknown}
 r - a potion of experience {unknown}
 v - 2 potions of enlightenment {unknown}


   Skills:
 + Level 0.4 Fighting
 + Level 7.7 Dodging
 - Level 1.7 Stealth
 + Level 9.3 Spellcasting
 - Level 2.0 Conjurations
 - Level 5.0 Hexes
 + Level 8.9 Fire Magic


You had 21 spell levels left.
You knew the following spells:

 Your Spells              Type           Power      Damage    Failure   Level
a - Foxfire               Conj/Fire      100%       2x1d9     1%          1
b - Scorch                Fire           100%       2d9       1%          2
c - Inner Flame           Hex/Fire       52%        N/A       1%          3

Your spell library contained the following spells:

 Spells                   Type           Power      Damage    Failure   Level
 Freeze                   Ice            32%        1d5       8%          1
 Volatile Blastmotes      Fire/Tloc      76%        2d16      3%          3
 Dazzling Flash           Conj/Hex       44%        N/A       5%          3
 Flame Wave               Conj/Fire      44%        2d11      9%          4
 Silence                  Hex/Air        9%         N/A       61%         5
 Agony                    Necr           8%         N/A       91%         5


Dungeon Overview and Level Annotations

Branches:
Dungeon (9/15)             Temple (1/1) D:4            Lair (0/5) D:8
    Orc: D:9-12

Altars:
Ashenzari
Cheibriados
Dithmenos
Elyvilon
Fedhas
Gozag
Hepliaklqana
Kikubaaqudgha
Makhleb
Nemelex Xobeh
Okawaru
Qazlal
Ru
Sif Muna
Trog
Uskayaw
Vehumet
Wu Jian
Xom
Yredelemnul
Zin
The Shining One

Shops:
D:1 !!!   D:4 [   D:7 [[*[(

Annotations:
D:5 1 runed translucent door, Crazy Yiuf
D:6 3 runed translucent doors, pigah's ghost, novice OpWn
D:8 2 transporters


Innate Abilities, Weirdness & Mutations

You can breathe bolts of dispelling energy.
Your rich purple scales are hard. (AC +7)
You cannot fit into any form of body armour.
You are cold-blooded and may be slowed by cold attacks.


Message History

The centaur hits you but does no damage.
The centaur kicks you but does no damage.
The killer bee stings you.
* * * LOW HITPOINT WARNING * * *
The killer bee closely misses you. x2
Casting: Foxfire (safe; 1% risk of failure)
Confirm with . or Enter, or press ? or * to list all spells.
You feel a surge of power!
You conjure some foxfire!
You feel very sick.
The foxfire hits the killer bee but does no damage.
The killer bee is severely wounded.
The foxfire hits the killer bee but does no damage.
The killer bee is moderately wounded.
The killer bee barely misses you.
The killer bee stings you but does no damage. x2
The centaur misses you. The centaur closely misses you.
The killer bee stings you but does no damage.
The killer bee closely misses you. The killer bee barely misses you.
Casting: Foxfire (safe; 1% risk of failure)
Confirm with . or Enter, or press ? or * to list all spells.
You feel a surge of power!
You conjure some foxfire!
You feel very sick.
The foxfire hits the killer bee.
The killer bee is lightly wounded.
The foxfire hits the killer bee.
The killer bee is heavily wounded.
The centaur hits you.
* * * LOW HITPOINT WARNING * * *
The centaur kicks you but does no damage.
The killer bee stings you.
* * * LOW HITPOINT WARNING * * *
You are more poisoned.
The killer bee poisons you! The killer bee closely misses you.
The killer bee stings you.
* * * LOW HITPOINT WARNING * * *
You are more poisoned.
The killer bee poisons you! The centaur misses you.
The centaur completely misses you. The killer bee completely misses you.
The killer bee stings you.
You die...

#..... .....#
...... ####..##
......##.....<#
##...........##
#...........##
##...)......#
.#..........##
......v.y...#
####.v@†...#
#.cyy......#
..............
..............##
...............#
...............#
...##..........#
... ......)....


You could see a centaur (ally target) and 3 killer bees.

Vanquished Creatures
  A two-headed ogre (D:8)
  Joseph (D:7)
  A vampire (D:7)
  5 water moccasins
  Duvessa (D:5)
  An orc warrior (D:7)
  3 sky beasts (D:8)
  An ice beast (D:6)
  A black bear (D:7)
  An ogre (D:5)
  Blork the orc (D:4)
  3 bullfrogs
  4 kobold brigands
  2 scorpions
  9 wights
  Dowan (D:5)
  9 killer bees
  An electric eel (D:7)
  2 howler monkeys
  A quasit (D:4)
  4 jellies
  5 orc priests
  2 hounds
  A gnoll bouda (D:5)
  An iguana (D:6)
  3 sleepcaps
  3 orc wizards
  10 adders
  4 gnolls (D:5)
  2 shadow imps
  4 white imps
  2 ufetubi
  3 worms
  2 dart slugs
  21 orcs
  11 bats
  8 endoplasms
  2 giant cockroaches
  7 goblins
  9 hobgoblins
  6 jackals
  19 kobolds
  6 quokkas
  6 ball pythons
  6 frilled lizards
  5 rats
201 creatures vanquished.

Vanquished Creatures (collateral kills)
  2 foxfires
2 creatures vanquished.

Vanquished Creatures (others)
  645 foxfires
645 creatures vanquished.

Grand Total: 848 creatures vanquished

Notes
Turn   | Place    | Note
-------+----------+-------------------------------------------
     0 | D:1      | Irreverend the Draconian Fire Elementalist began the quest
                  | for the Orb.
     0 | D:1      | Reached XP level 1. HP: 14/14 MP: 3/3
   157 | D:1      | Found Wesodoq's Distillery.
   265 | D:1      | Reached XP level 2. HP: 20/20 MP: 1/5
   692 | D:1      | Learned a level 2 spell: Scorch
   971 | D:1      | Reached XP level 3. HP: 26/26 MP: 3/6
  1039 | D:1      | Found Xegropai's Distillery.
  1092 | D:1      | Found Wyofudgh's Distillery.
  1541 | D:2      | Reached XP level 4. HP: 33/33 MP: 0/7
  1549 | D:2      | Learned a level 3 spell: Inner Flame
  2421 | D:3      | Noticed a kobold brigand
  2436 | D:3      | Killed a kobold brigand
  2437 | D:3      | Reached skill level 3 in Spellcasting
  2437 | D:3      | Reached XP level 5. HP: 4/38 MP: 6/9
  3404 | D:4      | Reached XP level 6. HP: 45/45 MP: 7/11
  3530 | D:4      | Found a staircase to the Ecumenical Temple.
  3535 | D:4      | Reached skill level 1 in Hexes
  3797 | D:4      | Found Jivuvoh's Antique Armour Shop.
  3900 | D:4      | Noticed Blork the orc
  3912 | D:4      | Killed Blork the orc
  4668 | D:5      | Entered Level 5 of the Dungeon
  4675 | D:5      | Reached skill level 4 in Spellcasting
  4675 | D:5      | Your scales start taking on a rich purple colour.
  4675 | D:5      | Reached XP level 7. HP: 50/50 MP: 5/14
  4852 | D:5      | Reached skill level 5 in Spellcasting
  4852 | D:5      | Reached skill level 5 in Fire Magic
  5322 | D:5      | Found a burning altar of Makhleb.
  5507 | D:5      | Noticed Duvessa
  5507 | D:5      | Noticed Dowan
  5523 | D:5      | Killed Duvessa
  5551 | D:5      | Killed Dowan
  5777 | D:5      | Reached XP level 8. HP: 33/57 MP: 2/16
  5961 | D:5      | Found a runed translucent door.
  5962 | D:5      | Noticed Crazy Yiuf
  6083 | Temple   | Entered the Ecumenical Temple
  6544 | Temple   | Became a worshipper of Vehumet
  6717 | D:6      | Found a runed translucent gate.
  6717 | D:6      | Found a runed translucent gate.
  6717 | D:6      | Found a runed translucent gate.
  6723 | D:6      | Noticed pigah's ghost (novice OpWn)
  6726 | D:6      | Noticed a two-headed ogre
  6816 | D:6      | Reached skill level 6 in Spellcasting
  7004 | D:6      | Reached skill level 5 in Dodging
  7675 | D:7      | Identified the +11 shortbow of Absolution {drain, rF- rC+
                  | Int+3}
  7762 | D:7      | Found Tuvete's Antique Weapon Shop.
  7794 | D:7      | Found Tas Seiq's Antique Armour Emporium.
  7796 | D:7      | Found Kawnouch's Assorted Antiques.
  7858 | D:7      | Found Reuc Moth's Armour Shop.
  7858 | D:7      | Found Xuinesuonk's Antique Armour Emporium.
  8047 | D:7      | Reached skill level 5 in Hexes
  8170 | D:7      | Reached skill level 7 in Spellcasting
  8406 | D:7      | Reached XP level 9. HP: 62/62 MP: 14/19
  8421 | D:7      | Reached * piety under Vehumet
  8421 | D:7      | Offered knowledge of Sandblast by Vehumet.
  8644 | D:7      | Noticed Joseph
  8665 | D:7      | Killed Joseph
  9504 | D:7      | Reached skill level 8 in Spellcasting
 10359 | D:8      | Reached ** piety under Vehumet
 10465 | D:8      | Found a staircase to the Lair.
 10490 | D:8      | Offered knowledge of Freeze by Vehumet.
 10493 | D:8      | Reached XP level 10. HP: 69/69 MP: 17/22
 10652 | D:8      | Found a transporter.
 10895 | D:8      | Found a sacrificial altar of Ru.
 10896 | D:8      | Found a white marble altar of Elyvilon.
 10903 | D:8      | Found a broken altar of Ashenzari.
 10904 | D:8      | Found a bloodstained altar of Trog.
 10994 | D:8      | Noticed a two-headed ogre
 11048 | D:8      | Killed a two-headed ogre
 11049 | D:8      | Reached skill level 9 in Spellcasting
 11250 | D:8      | Found a transporter.
 11370 | D:9      | HP: 2/70 [killer bee (3)]
 11370 | D:9      | Slain by a killer bee

Illustrated notes

Levels and vault maps discovered:
D:1:      minmay_arrival_diagonal_passages, layout_loops_cross, serial_shops,
          shop, shop, shop, minmay_tripent
D:2:      layout_rooms, hangedman_abyss_or_decor_stabs,
          wad_floor_pattern_untrapped, minmay_joined_circles
D:3:      layout_basic, minmay_misc_feat_columns
D:4:      layout_cave_pods, minmay_temple_entry_from_below_a, serial_demonic,
          serial_demonic_c, serial_demonic_f, serial_demonic_d,
          serial_demonic_e, serial_shops, shop, uniq_blork_the_orc
D:5:      layout_loops_ring, mainiacjoe_overflow_alcove_1, uniq_duvessa,
          uniq_crazy_yiuf_cottage
D:6:      layout_loops_ring, gammafunk_ghost_split
D:7:      layout_basic, nicolae_wooded_promenade, uniq_joseph
D:8:      layout_loops_ring, minitemple, lair_entry_dummy, nicolae_diode_stairs
D:9:      layout_cave_pools, gammafunk_ghost_berserking_beasts, serial_shops,
          shop, uniq_pikel, uniq_harold
Temple:   minmay_temple_bridge_d

Skill      XL: |  1  2  3  4  5  6  7  8  9 10 |
---------------+-------------------------------+-----
Dodging        | 2 3 4 5 7 |  7.7
Conjurations   | 2 |  2.0
Spellcasting   | 3 4 5 7 8 9 |  9.3
Fire Magic     | 4 5 6 8 |  8.9
Hexes          | 2 3 5 |  5.0
Fighting       | |  0.4
Stealth        | |  1.7

Action                     |  1- 3 |  4- 6 |  7- 9 | 10-12 || total
---------------------------+-------+-------+-------+-------++-------
  Melee: Unarmed           |    16 |    15 |       |       ||    31
         Punch             |     1 |       |       |       ||     1
         Dagger            |       |    28 |    25 |       ||    53
         Tailslap          |       |     7 |     7 |       ||    14
         Staff             |       |       |    10 |       ||    10
   Cast: Foxfire           |    54 |    82 |   200 |    46 ||   382
         Scorch            |    10 |    38 |    80 |    11 ||   139
Ability: Breathe Dispellin |       |       |     6 |       ||     6
    Use: Potion            |       |     1 |       |       ||     1
 Armour: Skin              |    13 |    32 |    21 |    13 ||    79
  Dodge: Dodged            |    40 |    44 |    74 |    69 ||   227

Table legend: (Time is in decaauts)
 A = Elapsed time spent in this place.
 B = Non-inter-level travel time spent in this place.
 C = Inter-level travel time spent in this place.
 D = Time resting spent in this place.
 E = Time spent auto-exploring this place.
 F = Levels seen in this place.
 G = Mean time per level.
                   A        B        C        D        E       F      G
               +--------+--------+--------+--------+--------+-----+--------+
         Total |  11374 |  10471 |    903 |   1909 |   7139 |  10 | 1137.4 |
       Dungeon |  10845 |  10247 |    598 |   1909 |   6928 |   9 | 1205.0 |
        Temple |    529 |    224 |    305 |      0 |    211 |   1 |  529.0 |
               +--------+--------+--------+--------+--------+-----+--------+

Top non-repeatable levels by time:
     D:7: 2203 daAuts
     D:5: 1494 daAuts
     D:8: 1466 daAuts
     D:4: 1390 daAuts
     D:2: 1237 daAuts
     D:1: 1186 daAuts
     D:6: 965 daAuts
     D:3: 869 daAuts
  Temple: 529 daAuts
     D:9: 30 daAuts
